 Dungeon Crawl Stone Soup version 0.23.2-1-ga50397a6bc (webtiles) character file.

Game seed: 10867044806678680603

2909 Thyrion the Destroyer (level 9, 79/79 HPs)
             Began as a Pale Draconian Conjurer on Apr 28, 2019.
             Was an Initiate of Sif Muna.
             Got out of the dungeon alive.
             The game lasted 00:36:27 (6260 turns).

Thyrion the Destroyer (Pale Draconian Conjurer)     Turns: 6260, Time: 00:36:27

Health: 79/79      AC:  8    Str: 10    XL:     9   Next: 49%
Magic:  19/19      EV: 16    Int: 23    God:    Sif Muna [......]
Gold:   107        SH:  0    Dex: 11    Spells: 12/22 levels left

rFire    . . .     SeeInvis .   (no weapon)
rCold    . . .     Gourm    .   (no shield)
rNeg     . . .     Faith    .   (armour unavailable)
rPois    .         Spirit   .   (helmet restricted)
rElec    .         Reflect  .   (no cloak)
rCorr    .         Harm     .   (no gloves)
MR       .....                  q - +0 pair of boots
Stlth    ++........             (no amulet)
HPRegen  0.23/turn              n - +3 ring of intelligence
MPRegen  0.16/turn              v - +2 ring of evasion

@: no status effects
A: breathe steam, unfitting armour, cold-blooded, AC +7
a: Breathe Steam, Renounce Religion


You escaped.
You worshipped Sif Muna.
Sif Muna was noncommittal.
You were not hungry.

You visited 2 branches of the dungeon, and saw 8 of its levels.

You collected 395 gold pieces.
You spent 288 gold pieces at shops.

Inventory:

Hand Weapons
 x - a +4 short sword
   (You took it off a kobold on level 4 of the Dungeon)
 z - the +5 mace of the Shining Light {speed, MR++ Int-3 Stlth+}
   (You found it on level 6 of the Dungeon)

   Attacks with this weapon are significantly faster.
   It affects your intelligence (-3).
   It affects your resistance to hostile enchantments.
   It makes you more stealthy.
 B - a +0 falchion
   (You took it off an orc on level 5 of the Dungeon)
Armour
 q - a +0 pair of boots (worn)
   (You found it on level 2 of the Dungeon)
 y - a +2 pair of boots
   (You found it on level 5 of the Dungeon)
Magical Staves
 E - an uncursed staff of cold {rC+}
   (You bought it in a shop on level 6 of the Dungeon)
Jewellery
 h - an uncursed ring of ice {rC+, rF-}
   (You found it on level 1 of the Dungeon)
 n - a +3 ring of intelligence (left hand)
   (You found it on level 2 of the Dungeon)
 s - an uncursed ring of stealth {Stlth+}
   (You found it on level 3 of the Dungeon)
 v - a +2 ring of evasion (right hand)
   (You found it on level 4 of the Dungeon)
Wands
 w - a wand of acid (6)
   (You found it on level 4 of the Dungeon)
 D - a wand of polymorph (11)
   (You found it on level 5 of the Dungeon)
Scrolls
 a - a scroll of vulnerability {unknown}
 c - 2 scrolls of enchant weapon
 e - 2 scrolls of magic mapping {unknown}
 g - a scroll of amnesia {unknown}
 i - a scroll of identify
 t - 3 scrolls of teleportation
 F - 2 scrolls of fear
 R - 6 scrolls of remove curse
Potions
 d - 3 potions of curing
 m - a potion of lignification {!q}
 o - a potion of flight
 p - a potion of invisibility
 u - a potion of mutation {!q}
 A - 2 potions of agility
Comestibles
 b - 14 rations


   Skills:
 - Level 7.0 Fighting
 - Level 5.2 Dodging
 - Level 1.7 Stealth
 + Level 7.0 Spellcasting
 - Level 8.0 Conjurations


You had 12 spell levels left.
You knew the following spells:

 Your Spells              Type           Power        Failure   Level  Hunger
t - Iskenderun's Mystic   Conj           #####...     2%          4    ###....
u - Searing Ray           Conj           #####.       1%          2    None
x - Dazzling Spray        Conj/Hex       ####..       4%          3    None
z - Magic Dart            Conj           ####         1%          1    None

Your spell library contained the following spells:

 Spells                   Type           Power        Failure   Level  Hunger
 Animate Skeleton         Necr           N/A          8%          1    None
 Infusion                 Chrm           #...         8%          1    None
 Pain                     Necr           #...         8%          1    None
 Shroud of Golubria       Chrm/Tloc      #.........   12%         2    None
 Song of Slaying          Chrm           #.......     12%         2    None
 Force Lance              Conj/Tloc      ####....     14%         4    ###....
 Fulminant Prism          Conj/Hex       ####......   14%         4    ###....
 Regeneration             Chrm/Necr      #.........   22%         3    None
 Spectral Weapon          Hex/Chrm       #.......     22%         3    None
 Vampiric Draining        Necr           #.........   22%         3    None
 Animate Dead             Necr           N/A          58%         4    ###....


Dungeon Overview and Level Annotations

Branches:
Dungeon (7/15)             Temple (1/1) D:7

Altars:
Ashenzari
Dithmenos
Elyvilon
Fedhas
Gozag
Hepliaklqana
Kikubaaqudgha
Makhleb
Nemelex Xobeh
Okawaru
Qazlal
Ru
Sif Muna
Trog
Vehumet
Wu Jian
Xom
Yredelemnul
Zin
The Shining One

Shops:
D:6 *

Annotations:
D:1 cleared, exclusion: downstairs
D:2 cleared, exclusion: downstairs
D:3 cleared, exclusion: downstairs
D:4 cleared
D:5 cleared
D:6 cleared
D:7 cleared


Innate Abilities, Weirdness & Mutations

You can breathe blasts of scalding, opaque steam.
Your pale cyan-grey scales are hard. (AC +7)
You cannot fit into any form of body armour.
You are cold-blooded and may be slowed by cold attacks.


Message History

You open the door.
There is an open door here.
There is an open door here.
A giant cockroach comes into view.
Casting: Magic Dart (safe; 1% risk of failure)
Confirm with . or Enter, or press ? or * to list all spells.
Aiming: Magic Dart (safe; 1% risk of failure)
Press: ? - help, Shift-Dir - straight line, f - giant cockroach
Aim: a giant cockroach The magic dart hits the giant cockroach but does no damage.
You now have 18/19 mp.
Casting: Magic Dart (safe; 1% risk of failure)
Confirm with . or Enter, or press ? or * to list all spells.
Aiming: Magic Dart (safe; 1% risk of failure)
Press: ? - help, Shift-Dir - straight line, f/p - giant cockroach
Aim: a giant cockroach The magic dart hits the giant cockroach.
The giant cockroach is severely wounded.
You now have 17/19 mp.
Casting: Magic Dart (safe; 1% risk of failure)
Confirm with . or Enter, or press ? or * to list all spells.
Aiming: Magic Dart (safe; 1% risk of failure)
Press: ? - help, Shift-Dir - straight line, f/p - giant cockroach
Aim: a giant cockroach (severely wounded)
The magic dart hits the giant cockroach.
You kill the giant cockroach!
Sif Muna accepts your kill.
You now have 16/19 mp.
You open the door.
There is an open door here.
There is an open door here.
There is an open door here.
You are feeling hungry.
MP restored: 19
There is an open door here.
There is an open door here.
There is a stone staircase leading down here.
A - 2 potions of agility (gained 1) Done exploring.
New annotation for D:7 (include '!' for warning): cleared Saving game... please wait.
Level annotation: cleared Welcome back, Thyrion the Pale Draconian Conjurer.
Sif Muna whispers: I know many secrets...
Press ? for a list of commands and other information.
(D) Dungeon (T) Temple
Where to? (? - help)
What level of the Dungeon? (default 1, ? - help)
There is a stone staircase leading down here.
There is an open door here.
There is an open door here.
There is a stone staircase leading up here.
You climb upwards.
Level annotation: cleared
There is a stone staircase leading down here.
There is a stone staircase leading up here.
You climb upwards.
Level annotation: cleared
There is a stone staircase leading down here.
You see here 2 arrows.
You see here a club.
There is a stone staircase leading up here.
You climb upwards.
Level annotation: cleared A frilled lizard comes into view.
There is a stone staircase leading down here.
Cast which spell? (? or * to list)
Aiming: Magic Dart (safe; 1% risk of failure)
Press: ? - help, Shift-Dir - straight line, f - frilled lizard
Aim: a frilled lizard (hasn't noticed you)
The magic dart hits the frilled lizard.
You kill the frilled lizard!
Sif Muna accepts your kill.
You now have 18/19 mp.
(D) Dungeon (T) Temple
Where to? (Enter - D:1 @ (x,y), ? - help) Magic restored.
You butcher the frilled lizard corpse.
f - a chunk of flesh {@w0} You see here a frilled lizard skeleton. x2
Eating a chunk of flesh {@w0}.
You eat the chunk of flesh {@w0}.
This raw flesh tastes terrible.
There is a stone staircase leading up here.
You climb upwards.
Level annotation: cleared, exclusion: downstairs
There is a stone staircase leading down here.
There is a stone staircase leading up here.
You climb upwards.
Level annotation: cleared, exclusion: downstairs
There is a stone staircase leading down here.
There is a stone staircase leading up here.
You climb upwards.
Level annotation: cleared, exclusion: downstairs
There is a stone staircase leading down here.
There is an open door here.
There is a staircase leading out of the dungeon here.
MP restored: 19 You are now empty-handed.
Are you sure you want to leave the Dungeon?
This will make you lose the game!
You have escaped!

#..........#.
#..........##
####..........##
##.....(.......##
#####(.######.#######
#.......#####.##### #
#.⌠...⌠...........###
#..###............#..
#..#@'..#.........#..
#..###..#.........#..
#.⌠..[⌠.#.........#..
#.......#.........#..
#########.........#..
#.........#..
#.........#..
#.........###
#.........#


There were no monsters in sight!

Vanquished Creatures
  An unseen horror (D:6)
  Joseph (D:7)
  A hornet (D:6)
  Sigmund (D:4)
  Eustachio (D:4)
  A sky beast (D:6)
  2 ice beasts (D:6)
  5 ogres
  A centaur (D:5)
  A scorpion (D:7)
  A howler monkey (D:4)
  A centaur zombie (D:5)
  A gnoll shaman (D:6)
  2 hounds
  3 jellies
  2 orc priests
  2 orc wizards (D:4)
  A killer bee zombie (D:6)
  A hound zombie (D:7)
  A hound skeleton (D:6)
  A worker ant zombie (D:6)
  5 gnolls
  4 adders
  A shadow imp (D:7)
  11 oozes
  An adder skeleton (D:6)
  2 worms (D:4)
  3 dart slugs
  5 leopard geckos
  13 orcs
  2 ball pythons (D:2)
  6 giant cockroaches
  6 goblins
  10 hobgoblins
  4 jackals (D:7)
  16 kobolds
  6 quokkas
  6 bats
  A frilled lizard (D:4)
  A quokka skeleton (D:7)
  6 rats
140 creatures vanquished.

Vanquished Creatures (others)
  9 toadstools (D:4)
9 creatures vanquished.

Grand Total: 149 creatures vanquished

Notes
Turn   | Place    | Note
-------+----------+-------------------------------------------
     0 | D:1      | Thyrion the Draconian Conjurer began the quest for the Orb.
     0 | D:1      | Reached XP level 1. HP: 14/14 MP: 3/3
   207 | D:1      | Reached XP level 2. HP: 20/20 MP: 0/5
   230 | D:1      | Learned a level 2 spell: Searing Ray
   544 | D:1      | Reached skill level 3 in Spellcasting
   606 | D:1      | Reached XP level 3. HP: 21/26 MP: 0/7
  1248 | D:2      | Reached skill level 4 in Spellcasting
  1314 | D:2      | Reached XP level 4. HP: 33/33 MP: 5/10
  1595 | D:3      | Noticed an ogre
  1645 | D:3      | Learned a level 3 spell: Dazzling Spray
  1650 | D:3      | Learned a level 4 spell: Iskenderun's Mystic Blast
  1819 | D:3      | Found a shadowy altar of Dithmenos.
  1827 | D:3      | Killed an ogre
  1827 | D:3      | Reached skill level 5 in Conjurations
  1827 | D:3      | Reached XP level 5. HP: 38/38 MP: 2/11
  1942 | D:3      | Found a shadowy altar of Dithmenos.
  1944 | D:3      | Found an opulent altar of Gozag.
  2084 | D:4      | Noticed Sigmund
  2253 | D:4      | Killed Sigmund
  2253 | D:4      | Reached skill level 6 in Conjurations
  2253 | D:4      | Reached XP level 6. HP: 45/45 MP: 4/12
  2520 | D:4      | Noticed Eustachio
  2594 | D:4      | Killed Eustachio
  2594 | D:4      | Reached skill level 7 in Conjurations
  2594 | D:4      | Your scales start taking on a pale cyan-grey colour.
  2594 | D:4      | Reached XP level 7. HP: 50/50 MP: 4/13
  2614 | D:4      | Found a burning altar of Makhleb.
  2843 | D:4      | Reached skill level 8 in Conjurations
  2961 | D:4      | Reached skill level 2 in Dodging
  3256 | D:5      | Entered Level 5 of the Dungeon
  3535 | D:5      | Reached skill level 5 in Spellcasting
  3632 | D:5      | Reached skill level 3 in Dodging
  3632 | D:5      | Reached XP level 8. HP: 43/57 MP: 6/15
  3958 | D:6      | Reached skill level 4 in Dodging
  4172 | D:6      | Reached skill level 5 in Dodging
  4247 | D:6      | Found a sacrificial altar of Ru.
  4283 | D:6      | Reached skill level 2 in Fighting
  4556 | D:6      | Found Byxzusof's Assorted Antiques.
  4561 | D:6      | Bought a short glowing staff for 288 gold pieces
  4698 | D:6      | Got an ancient mace
  4699 | D:6      | Identified the +5 mace of the Shining Light {speed, MR++
                  | Int-3 Stlth+} (You found it on level 6 of the Dungeon)
  4960 | D:6      | HP: 12/62 [something (5)]
  4967 | D:6      | Killed an unseen horror
  4967 | D:6      | Reached skill level 6 in Fighting
  4967 | D:6      | Reached XP level 9. HP: 24/75 MP: 16/16
  5236 | D:7      | Reached skill level 7 in Fighting
  5330 | D:7      | Noticed Joseph
  5340 | D:7      | Killed Joseph
  5340 | D:7      | Reached skill level 6 in Spellcasting
  5629 | D:6      | Reached skill level 7 in Spellcasting
  5730 | D:7      | Found a staircase to the Ecumenical Temple.
  5750 | Temple   | Entered the Ecumenical Temple
  5758 | Temple   | Became a worshipper of Sif Muna the Loreminder
  6260 | D:$      | Got out of the dungeon alive.

Skill      XL: |  1  2  3  4  5  6  7  8  9 |
---------------+----------------------------+-----
Spellcasting   | 3 4 5 7 |  7.0
Conjurations   | 5 6 7 8 |  8.0
Dodging        | 3 5 |  5.2
Fighting       | 6 7 |  7.0
Stealth        | |  1.7

Action                   |  1- 3 |  4- 6 |  7- 9 || total
-------------------------+-------+-------+-------++-------
Melee: Unarmed           |     3 |       |       ||     3
       Short sword       |    16 |     2 |    15 ||    33
       Tailslap          |       |     1 |     3 ||     4
       Mace              |       |       |     7 ||     7
 Cast: Magic Dart        |    46 |    12 |    41 ||    99
       Searing Ray       |     9 |    18 |    23 ||    50
       Dazzling Spray    |       |     2 |       ||     2
       Iskenderun's Myst |       |     1 |    31 ||    32
 Abil: Breathe Steam     |       |       |    15 ||    15
  Use: Potion            |       |       |     3 ||     3
       Scroll            |       |       |    10 ||    10
 Stab: Sleeping          |     3 |     1 |     4 ||     8
  Eat: Chunk             |     2 |     4 |    17 ||    23
Armor: Skin              |    14 |     2 |    33 ||    49
Dodge: Dodged            |    15 |    14 |    54 ||    83

Levels and vault maps discovered:
D:1:      scummos_arrival_simple_fountains, layout_basic,
          minmay_misc_feat_ornament
D:2:      layout_loops_ring, first_ration
D:3:      layout_basic, nicolae_overflow_hidden_temple,
          nicolae_dithmenos_shadow_blocks
D:4:      cheibrodos_fertilizer, layout_basic, makhleb_heckhound_becter,
          uniq_eustachio, uniq_sigmund
D:5:      layout_loops_ring
D:6:      corexii_shack_village, layout_loops_corners, basic_altar,
          serial_shops, kennysheep_little_box
D:7:      layout_gridville, minmay_temple_entry_statues, uniq_joseph
Temple:   nicolae_temple_no_exploring_needed

Table legend:
 A = Turns spent in this place as a percentage of turns spent in the entire game.
 B = Non-inter-level travel turns spent in this place as a percentage of non-inter-level travel turns spent in the entire game.
 C = Inter-level travel turns spent in this place as a percentage of turns spent in this place.
 D = Turns resting spent in this place as a percentage of non-inter-level travel turns spent in this place.
 E = Turns spent auto-exploring this place as a percentage of non-inter-level travel turns spent in this place.
 F = Non-inter-level travel turns spent in this place divided by the number of levels of this place that you've seen.
                   A       B       C       D       E      F
               +-------+-------+-------+-------+-------+----------------------
         Total | 100.0 | 100.0 |   8.8 |  14.7 |  66.8 | 713.6
       Dungeon |  99.7 | 100.0 |   8.6 |  14.7 |  66.8 | 815.3
        Temple |   0.3 |   0.0 |  87.5 |   0.0 |   0.0 |   2.0
               +-------+-------+-------+-------+-------+----------------------

Table legend:
 A = Kills in this place as a percentage of kills in entire the game.
 B = Kills by you in this place as a percentage of kills by you in the entire game.
 C = Kills by friends in this place as a percentage of kills by friends in the entire game.
 D = Other kills in this place as a percentage of other kills in the entire game.
 E = Experience gained in this place as a percentage of experience gained in the entire game.
 F = Experience gained in this place divided by the number of levels of this place that you have seen.
                   A       B       C       D       E      F
               +-------+-------+-------+-------+-------+----------------------
         Total | 100.0 | 100.0 |   N/A |   N/A | 100.0 | 519.5
       Dungeon | 100.0 | 100.0 |   N/A |   N/A | 100.0 | 593.7
               +-------+-------+-------+-------+-------+----------------------
